 Dungeon Crawl Stone Soup version 0.25.1-8-g42b30a86e7 (webtiles) character file.

Game seed: 8635046930654477356

12185 Gabide the Protected (level 11, 0/104 HPs)
             Began as a Naga Abyssal Knight on Dec 3, 2020.
             Was an Elder of Lugonu.
             Slain by a skeletal warrior
             ... wielding a +1 battleaxe of pain
             ... led by a skeletal warrior
              (4 damage)
             ... on level 10 of the Dungeon.
             The game lasted 00:57:33 (13474 turns).

Gabide the Protected (Naga Abyssal Knight)         Turns: 13474, Time: 00:57:34

Health: 0/104      AC: 20    Str: 17    XL:     11   Next: 89%
Magic:  0/12       EV:  8    Int: 13    God:    Lugonu [****..]
Gold:   275        SH:  0    Dex: 11    Spells: 10/10 levels left

rFire    . . .     SeeInvis +   a - +1 dire flail
rCold    . . .     Gourm    .   (shield currently unavailable)
rNeg     . . .     Faith    .   h - +1 plate armour
rPois    +         Spirit   +   m - +0 helmet
rElec    .         Reflect  .   i - +2 cloak {rCorr}
rCorr    +         Harm     .   k - +0 pair of gloves
MR       +....                  (no barding)
Stlth    ..........             f - amulet of guardian spirit
HPRegen  0.27/turn              F - +4 ring of evasion
MPRegen  0.13/turn              y - ring of resist corrosion

@: studying Air Magic, very slow
A: large, see invisible, deformed body, poison resistance, slowness 2, slow
metabolism 1, spit poison 1, AC +3
a: Spit Poison, Depart the Abyss, Bend Space, Banish, Corrupt, Renounce Religion


You were on level 10 of the Dungeon.
You worshipped Lugonu.
Lugonu was greatly pleased with you.
You were not hungry.

You visited 1 branch of the dungeon, and saw 11 of its levels.
You visited the Abyss 1 time.

You collected 499 gold pieces.
You spent 224 gold pieces at shops.

Inventory:

Hand Weapons
 a - a +1 dire flail (weapon)
 b - a +2 vorpal arbalest
Missiles
 z - 2 javelins (quivered)
Armour
 h - a +1 plate armour (worn)
 i - a +2 cloak of preservation (worn)
 k - a +0 pair of gloves (worn)
 m - a +0 helmet (worn)
Jewellery
 f - an amulet of guardian spirit (around neck)
 s - an uncursed amulet of faith
 y - a ring of resist corrosion (right hand)
 F - a +4 ring of evasion (left hand)
Wands
 e - a wand of paralysis (8)
 q - a wand of clouds (7)
 v - a wand of polymorph (9)
 E - a wand of enslavement (8)
Scrolls
 g - a scroll of amnesia
 n - 4 scrolls of remove curse
 r - 2 scrolls of fog
 G - a scroll of immolation
Potions
 l - a potion of brilliance
 x - a potion of resistance
 A - a potion of might {unknown}
 B - a potion of flight {unknown}
 C - a potion of mutation {unknown}
 D - 2 potions of ambrosia
Books
 t - a manual of Air Magic
Comestibles
 c - 9 rations


   Skills:
 * Level 8.5 Fighting
   Level 7.1(8.7) Axes
 + Level 7.8(9.1) Maces & Flails
 * Level 7.5 Crossbows
 + Level 9.0 Armour
 - Level 1.0 Dodging
 - Level 2.0 Invocations


You had 10 spell levels left.
You didn't know any spells.
Your spell library contained the following spells:

 Spells                   Type           Power        Failure   Level  Hunger
 Confusing Touch          Hex            #.......     100%        3    ####...
 Gell's Gravitas          Tloc           #.........   100%        3    ####...
 Petrify                  Tmut/Erth      #.......     100%        4    #####..
 Metabolic Englaciation   Hex/Ice        #.........   100%        5    ######.
 Yara's Violent Unravell  Hex/Tmut       #.........   100%        5    ######.


Dungeon Overview and Level Annotations

Branches:
Dungeon (11/15)            Temple (0/1) D:6            Lair (0/6) D:8
    Orc (0/2) D:11

Altars:
Uskayaw
Vehumet
Zin

Shops:
D:8 (


Innate Abilities, Weirdness & Mutations

You cannot wear boots.
Your serpentine skin is tough. (AC +3)
You have supernaturally acute eyesight. (SInv)
Armour fits poorly on your strangely shaped body.
Your system is resistant to poisons. (rPois)
You cover ground very slowly.
You have a slow metabolism.
You can spit poison.


Message History

Space bends around you!
You blink.
Okay, then.
As you read the scroll of fog, it crumbles to dust.
The scroll dissolves into smoke.
It was a potion of cancellation.
Your magical effects are unravelling.
You feel magically purged.
Your resistance to elements expires.
Okay, then.
Okay, then.
Press: ? - help, v - describe, . - travel A rock wall.
Unknown command.
Unknown command.
Space bends around you!
You blink.
Space bends around you!
You blink.
Space bends around you!
You blink.
The skeletal warrior hits you but does no damage.
You writhe in agony.
You die...

P§§≈≈..# #z# #.# #...§
§.≈§.P§# #.# #.# #..§8
.§§§.P.# #.# #.# #§§.§
#§###..# #.######.# #..#§
....)..# #........# #....
#####..# #........# #....
#..# #.....§§.# #.... #..#
######..#####§# #.###
#..###......@z§..#§# #.#
#..##..#########.#§######§#
#..##..#.......#.#§§§...z.#
#......#.......#.#§§§.>§..#
#......#....?..#.#.######.#
#.........._...^.#.# #.#
#......#.......#.#.# #.#
#......#.......#..<# #.#
#......#.......#...# #.#


You could see a skeletal warrior.

Vanquished Creatures
  2 skeletal warriors (D:10)
  2 ugly things
  An orc sorcerer (D:11)
  A cyclops (D:11)
  A troll (D:11)
  A hippogriff (D:10)
  A wyvern (D:9)
  13 yaks
  2 hungry ghosts
  A spriggan (D:9)
  3 porcupines (D:8)
  3 ice beasts
  A sky beast (D:6)
  A hornet zombie (D:10)
  An orc warrior (D:7)
  3 phantoms
  4 necrophages (D:10)
  4 black bears
  2 ogres
  2 centaurs
  2 big kobolds
  3 bullfrogs
  2 scorpions
  16 killer bees
  2 troll zombies (D:11)
  11 wights
  A jelly (D:11)
  3 howler monkeys
  An electric eel (D:10)
  6 centaur zombies
  4 crimson imps
  6 hounds
  A centaur skeleton (D:9)
  4 orc priests
  Crazy Yiuf (D:6)
  3 orc wizards
  Terence (D:2)
  An iguana (D:6)
  Natasha (twice) (D:2)
  8 worker ants
  3 ogre zombies (D:11)
  2 hound zombies
  3 hound skeletons (D:4)
  A howler monkey zombie (D:10)
  A worker ant zombie (D:10)
  4 mummies
  3 gnolls (D:4)
  3 adders
  3 shadow imps (D:6)
  2 dart slugs
  6 leopard geckos
  16 orcs
  2 ball pythons (D:2)
  4 bats (D:1)
  3 giant cockroaches
  4 goblins
  3 hobgoblins (D:2)
  11 jackals
  4 quokkas
  2 frilled lizards (D:1)
  A goblin skeleton (D:11)
  2 goblin zombies (D:11)
  3 hobgoblin skeletons (D:11)
  2 hobgoblin zombies (D:11)
  15 kobolds
  3 kobold zombies (D:4)
  A leopard gecko skeleton (D:6)
  An orc skeleton (D:11)
  16 orc zombies
  9 rats
  A fungus (D:8)
261 creatures vanquished.

Vanquished Creatures (others)
  9 fungi (D:8)
9 creatures vanquished.

Grand Total: 270 creatures vanquished

Notes
Turn   | Place    | Note
-------+----------+-------------------------------------------
     0 | Abyss:1  | Gabide the Naga Abyssal Knight began the quest for the Orb.
     0 | Abyss:1  | Reached XP level 1. HP: 21/21 MP: 2/2
     0 | Abyss:1  | Found a corrupted altar of Lugonu.
    45 | Abyss:1  | Noticed an Executioner
    46 | D:1      | Escaped the Abyss
    61 | D:1      | Noticed a tengu
    61 | D:1      | Noticed a formicid
    63 | D:1      | Noticed an ogre
    65 | D:1      | Noticed a demonspawn
    65 | D:1      | Noticed a vampire
    67 | D:1      | Noticed a ghoul
    67 | D:1      | Noticed a gargoyle
    69 | D:1      | Noticed a minotaur
    69 | D:1      | Noticed a demigod
    71 | D:1      | Noticed a spriggan
    71 | D:1      | Noticed a naga
    73 | D:1      | Noticed a draconian
    73 | D:1      | Noticed a centaur
    75 | D:1      | Noticed a halfling
    75 | D:1      | Noticed a human
    77 | D:1      | Noticed a vine stalker
    79 | D:1      | Noticed an octopode
    81 | D:1      | Noticed a merfolk
   112 | D:1      | Noticed a felid
   112 | D:1      | Noticed an elf
   114 | D:1      | Noticed a dwarf
   114 | D:1      | Noticed a troll
   204 | D:1      | Reached XP level 2. HP: 19/28 MP: 3/3
   205 | D:1      | Reached * piety under Lugonu
   431 | D:1      | You fall into a shaft and drop 1 floor!
   701 | D:2      | Noticed Natasha
   715 | D:2      | Killed Natasha
   715 | D:2      | Reached skill level 2 in Armour
   715 | D:2      | Reached XP level 3. HP: 10/36 MP: 4/4
  1716 | D:2      | Reached XP level 4. HP: 44/44 MP: 5/5
  2182 | D:2      | Noticed Terence
  2196 | D:2      | Killed Terence
  2196 | D:2      | Reached XP level 5. HP: 38/50 MP: 6/6
  2465 | D:2      | Noticed Natasha
  2469 | D:2      | Killed Natasha
  2469 | D:2      | Reached skill level 3 in Armour
  2665 | D:3      | Found a faded altar of an unknown god.
  2867 | D:3      | Reached XP level 6. HP: 54/57 MP: 7/7
  3200 | D:4      | Noticed a phantom
  3261 | D:4      | Killed a phantom
  3261 | D:4      | Reached skill level 4 in Armour
  3544 | D:4      | Reached ** piety under Lugonu
  4150 | D:4      | Reached XP level 7. HP: 63/64 MP: 8/8
  4486 | D:4      | Reached skill level 5 in Armour
  4723 | D:5      | Entered Level 5 of the Dungeon
  4828 | D:6      | Reached skill level 5 in Axes
  4865 | D:6      | Reached XP level 8. HP: 41/72 MP: 3/9
  4949 | D:6      | Reached skill level 6 in Armour
  4949 | D:6      | Reached skill level 1 in Dodging
  5479 | D:6      | Found a runed translucent door.
  5480 | D:6      | Noticed Crazy Yiuf
  5490 | D:6      | Killed Crazy Yiuf
  5596 | D:6      | Found a staircase to the Ecumenical Temple.
  5646 | D:6      | Found a hide-covered altar of Uskayaw.
  5648 | D:6      | Found a glowing silver altar of Zin.
  5978 | D:7      | Reached skill level 1 in Maces & Flails
  5978 | D:7      | Reached XP level 9. HP: 66/79 MP: 8/10
  6366 | D:7      | Reached skill level 7 in Armour
  6781 | D:8      | Found a staircase to the Lair.
  6875 | D:8      | Reached skill level 5 in Fighting
  7511 | D:8      | Reached skill level 5 in Maces & Flails
  7752 | D:8      | Found Vouppeirit's Weapon Boutique.
  7773 | D:8      | Bought a +2 vorpal arbalest for 224 gold pieces
  7944 | D:9      | Reached skill level 1 in Crossbows
  7976 | D:8      | Reached XP level 10. HP: 33/91 MP: 4/11
  8722 | D:8      | Reached *** piety under Lugonu
  9006 | D:9      | Reached skill level 8 in Armour
  9054 | D:9      | Paralysed by a kobold for 6 turns
  9066 | D:9      | Got an ancient rapier
  9067 | D:9      | Identified the +6 rapier of the Maze {pain, +Rage rN+ Str+3
                  | Int-3} (You found it on level 9 of the Dungeon)
  9918 | D:10     | Entered Level 10 of the Dungeon
 10167 | D:10     | Found a radiant altar of Vehumet.
 10244 | D:10     | Reached **** piety under Lugonu
 10418 | D:10     | Reached skill level 5 in Crossbows
 10418 | D:10     | Reached XP level 11. HP: 97/100 MP: 10/12
 11253 | D:11     | Noticed a cyclops
 11257 | D:11     | Killed a cyclops
 11619 | D:11     | Noticed a brown ugly thing
 11654 | D:11     | Killed a brown ugly thing
 12007 | D:11     | Noticed a skeletal warrior
 12008 | D:11     | Noticed a skeletal warrior
 12024 | D:11     | Noticed a skeletal warrior
 12185 | D:10     | Killed a skeletal warrior
 12538 | D:11     | Noticed an orc sorcerer
 12616 | D:10     | Killed a skeletal warrior
 12973 | D:11     | Noticed a white ugly thing
 13002 | D:10     | Killed a white ugly thing
 13002 | D:10     | Reached skill level 9 in Armour
 13182 | D:11     | Found a staircase to the Orcish Mines.
 13195 | D:11     | Killed an orc sorcerer
 13474 | D:10     | Slain by a skeletal warrior

Illustrated notes

Levels and vault maps discovered:
D:1:      kb_arrival_jail, layout_loops_ring, serial_rivers,
          chequers_serial_rivers_micro_d, chequers_serial_rivers_micro_b,
          chequers_serial_rivers_small_b, chequers_serial_rivers_room_b,
          chequers_serial_rivers_room_a
D:2:      layout_loops_corners, first_ration, uniq_natasha, uniq_terence
D:3:      layout_loops_ring, chequers_ecumenical_altar_simple
D:4:      layout_basic, minmay_mini_ossuary
D:5:      layout_basic, basic_altar, uniq_eustachio, uniq_ijyb
D:6:      layout_cave_pools, gammafunk_temple_overflow_wave,
          minmay_temple_entry_hall, uniq_crazy_yiuf_cottage
D:7:      layout_basic
D:8:      layout_loops_ring, due_lair_maze_entry_diamond, serial_shops, shop
D:9:      layout_rooms, the_bakery
D:10:     layout_long_grid, serial_undead, serial_undead_f, serial_undead_e,
          serial_undead_e, serial_undead_d, serial_undead_b, serial_undead_b,
          serial_undead_f, serial_undead_e, serial_undead_f, serial_undead_b,
          lemuel_tele_altar
D:11:     layout_stronghold, zombieorc2_lemuel, small_statue_intersection

Skill      XL: |  1  2  3  4  5  6  7  8  9 10 11 |
---------------+----------------------------------+-----
Armour         | 2 3 4 5 6 7 8 9 |  9.0
Fighting       | 4 5 7 8 |  8.5
Axes           | 3 4 5 7 |  7.1
Dodging        | 1 |  1.0
Maces & Flails | 1 5 6 7 |  7.8
Crossbows      | 1 5 7 |  7.5
Invocations    | |  2.0

Action                   |  1- 3 |  4- 6 |  7- 9 | 10-12 || total
-------------------------+-------+-------+-------+-------++-------
Melee: Hand axe          |    79 |    60 |       |       ||   139
       War axe           |       |    74 |   190 |       ||   264
       Dire flail        |       |       |   185 |   375 ||   560
 Fire: Arbalest          |       |       |       |   193 ||   193
Throw: Dart              |     9 |     6 |    21 |       ||    36
       Javelin           |       |    10 |    30 |    24 ||    64
Invok: Depart the Abyss  |     1 |       |       |       ||     1
       Bend Space        |       |       |     5 |    32 ||    37
 Abil: Spit Poison       |    12 |    33 |    52 |    30 ||   127
Evoke: Wand              |       |       |       |     1 ||     1
  Use: Potion            |     2 |       |     6 |    10 ||    18
       Scroll            |     2 |     7 |    13 |    12 ||    34
  Eat: Chunk             |     1 |     6 |    13 |       ||    20
       Ration            |     1 |       |     4 |     5 ||    10
Armor: Plate armour      |    68 |   107 |   430 |   400 ||  1005
       Skin              |       |       |     7 |    89 ||    96
Dodge: Dodged            |     9 |    17 |    91 |   178 ||   295
